Construct Weapon Support Center
Selects Airborne Battlegroup
Selects Heavy Machine Gun Paradrop
Heavy Machine Gun Paradrop
Heavy Machine Gun Paradrop
Improved M9 Bazooka Rockets
Selects Paratrooper Squad Paradrop
Construct Medical Station
Selects Smoke Bombing Run
Selects Anti-tank Gun Team Paradrop
Anti-tank Gun Team Paradrop
Anti-tank Gun Team Paradrop
Advanced Air Reconnaissance
Paratrooper Squad Paradrop
Grasshopper High-Altitude Recon Run
M18 Hellcat Tank Destroyer
Grasshopper High-Altitude Recon Run
Selects Carpet Bombing Run
Grasshopper High-Altitude Recon Run
Paratrooper Squad Paradrop